 Dungeon Crawl Stone Soup version 0.28-a0-706-gf6f64a616a (webtiles) character file.

Game seed: 7379075584677962736

252 Crownlay the Slasher (level 5, -2/46 HPs)
             Began as a Minotaur Berserker on Oct 24, 2021.
             Was a Believer of Trog.
             Slain by Grinder (5 damage)
             ... on level 3 of the Dungeon.
             The game lasted 00:06:56 (2076 turns).

Crownlay the Slasher (Minotaur Berserker)           Turns: 2076, Time: 00:06:57

Health: -2/46      AC:  3    Str: 23    XL:     5   Next: 89%
Magic:  4/4        EV: 12    Int:  4    God:    Trog [**....]
Gold:   65         SH:  4    Dex:  9    Spells: 4/4 levels left

rFire   . . .      SeeInvis .   a - +0 falchion
rCold   . . .      Faith    .   d - +0 buckler
rNeg    . . .      Spirit   .   b - +0 animal skin
rPois   .          Reflect  .   (helmet restricted)
rElec   .          Harm     .   j - +0 cloak
rCorr   .          Rampage  .   (no gloves)
Will    .....                   (no boots)
Stlth   +.........              (no amulet)
HPRegen 0.15/turn               (no ring)
MPRegen 0.09/turn               (no ring)

@: no status effects
A: horns 2, retaliatory headbutt
a: Renounce Religion, Berserk, Trog's Hand


You were on level 3 of the Dungeon.
You worshipped Trog.
Trog was pleased with you.
You visited 1 branch of the dungeon, and saw 3 of its levels.

You collected 65 gold pieces.

Inventory:

Hand Weapons
 a - a +0 falchion (weapon)
Armour
 b - a +0 animal skin (worn)
 d - a +0 buckler (worn)
 j - a +0 cloak (worn)
Jewellery
 g - a +4 ring of protection
Wands
 e - a wand of polymorph (10)
Scrolls
 i - a scroll of enchant weapon
 k - a scroll of teleportation {unknown}
Potions
 c - 2 potions of curing
 f - a potion of haste {unknown}
 h - a potion of attraction {unknown}


   Skills:
 - Level 3.9 Fighting
 + Level 6.2 Long Blades
 - Level 2.8 Armour
 - Level 2.5 Dodging
 - Level 4.0 Shields


You had 4 spell levels left.
You didn't know any spells.
Your spell library was empty.

Dungeon Overview and Level Annotations

Branches:
Dungeon (3/15)

Altars:

Annotations:
D:3 Grinder


Innate Abilities, Weirdness & Mutations

You have a pair of horns on your head.
You reflexively headbutt those who attack you in melee.


Message History

Grinder hits you!
You barely miss Grinder.
Grinder is moderately wounded.
You block Grinder's attack.
You hit Grinder but do no damage.
Grinder is moderately wounded.
You block Grinder's attack.
You hit Grinder. Your headbutt misses Grinder.
Grinder is moderately wounded.
Grinder completely misses you.
You barely miss Grinder. Your headbutt misses Grinder.
Grinder is moderately wounded.
Grinder hits you.
You writhe in agony.
You closely miss Grinder. Your headbutt misses Grinder.
Grinder is moderately wounded.
You feel the effects of Trog's Hand fading.
Grinder barely misses you.
You closely miss Grinder.
Grinder is moderately wounded.
Grinder closely misses you. You furiously retaliate!
You headbutt Grinder! You closely miss Grinder. Your headbutt misses Grinder.
Grinder is severely wounded.
Grinder hits you.
You writhe in agony.
You hit Grinder but do no damage. Your headbutt misses Grinder.
Grinder is severely wounded.
Grinder hits you!
You barely miss Grinder. You headbutt Grinder, but do no damage.
Grinder is severely wounded.
Grinder hits you!
You writhe in agony.
You slash Grinder! Your headbutt misses Grinder.
Grinder is almost dead.
Your skin stops crawling.
You feel less strong-willed. Grinder hits you!
* * * LOW HITPOINT WARNING * * *
You slash Grinder!
Grinder is almost dead.
Grinder hits you.
* * * LOW HITPOINT WARNING * * *
You writhe in agony.
You die...

.... #.#. ... .. .. ##### .#
...) #.... ##.#.....
#.....###..#.....
#.....#..@5........#....
#......).........(......
#..........#...#......#
#.....##...........#..#
#######.............##.#....#
.....#.......##............####.
.......###...##.................
.......##..###.....8............
................#...........####


You could see Grinder.

Vanquished Creatures
  A water moccasin zombie (D:3)
  Crazy Yiuf (D:2)
  Jessica (D:3)
  Ijyb (D:3)
  Terence (D:2)
  3 adders
  2 adder skeletons (D:3)
  An adder zombie (D:3)
  A worm (D:3)
  2 bats
  8 endoplasms
  5 giant cockroaches
  5 goblins
  4 hobgoblins
  4 kobolds
  4 quokkas
  3 ball pythons (D:2)
  A ball python skeleton (D:3)
  4 frilled lizards
  4 rats
56 creatures vanquished.

Notes
Turn   | Place    | Note
-------+----------+-------------------------------------------
     0 | D:1      | Crownlay the Minotaur Berserker began the quest for the
                  | Orb.
     0 | D:1      | Reached XP level 1. HP: 19/19 MP: 0/0
   311 | D:1      | Reached XP level 2. HP: 18/27 MP: 1/1
   552 | D:1      | Reached skill level 4 in Long Blades
   574 | D:1      | Found a faded altar of an unknown god.
   790 | D:2      | Reached ** piety under Trog
   791 | D:2      | Reached skill level 1 in Shields
   791 | D:2      | Reached XP level 3. HP: 11/33 MP: 2/2
  1393 | D:2      | Noticed Terence
  1400 | D:2      | Killed Terence
  1401 | D:2      | Reached XP level 4. HP: 40/40 MP: 3/3
  1505 | D:2      | You fall into a shaft and drop 1 floor!
  1646 | D:2      | Found a runed translucent door.
  1647 | D:2      | Noticed Crazy Yiuf
  1656 | D:2      | Killed Crazy Yiuf
  1798 | D:3      | Noticed Jessica
  1812 | D:3      | Reached skill level 5 in Long Blades
  1812 | D:3      | Reached XP level 5. HP: 16/46 MP: 4/4
  1814 | D:3      | Killed Jessica
  2017 | D:3      | Noticed Ijyb
  2041 | D:3      | Noticed Grinder
  2044 | D:3      | Paralysed by Grinder for 7 turns
  2059 | D:3      | Killed Ijyb
  2060 | D:3      | Reached skill level 6 in Long Blades
  2076 | D:3      | Slain by Grinder

Illustrated notes

Levels and vault maps discovered:
D:1:      grunt_arrival_crossed_arrows, layout_basic,
          hellmonk_ecumenical_altar_inner_sanctum
D:2:      layout_rooms, uniq_terence, uniq_crazy_yiuf_cottage
D:3:      layout_rooms, mainiacjoe_overflow_catwalk, serial_undead,
          serial_undead_d, serial_undead_e, serial_undead_e, serial_undead_d,
          hangedman_decor_slide_cut, uniq_jessica, uniq_ijyb, uniq_grinder

Skill      XL: |  1  2  3  4  5 |
---------------+----------------+-----
Long Blades    | 4 5 6 |  6.2
Shields        | 1 2 4 |  4.0
Fighting       | |  3.9
Armour         | |  2.8
Dodging        | |  2.5

Action                   |  1- 3 |  4- 6 || total
-------------------------+-------+-------++-------
Melee: Falchion          |    76 |    81 ||   157
       Headbutt          |    11 |     9 ||    20
Invok: Trog's Hand       |     2 |     4 ||     6
       Berserk           |     1 |     1 ||     2
  Use: Scroll            |       |     2 ||     2
       Potion            |       |     1 ||     1
Armor: Animal skin       |    12 |    15 ||    27
       Skin              |       |    23 ||    23
Dodge: Dodged            |    44 |    45 ||    89
Block: Buckler           |     8 |    17 ||    25

Table legend: (Time is in decaauts)
 A = Elapsed time spent in this place.
 B = Non-inter-level travel time spent in this place.
 C = Inter-level travel time spent in this place.
 D = Time resting spent in this place.
 E = Time spent auto-exploring this place.
 F = Levels seen in this place.
 G = Mean time per level.
                   A        B        C        D        E       F      G
               +--------+--------+--------+--------+--------+-----+--------+
         Total |   2107 |   2076 |     31 |      0 |   1657 |   3 |  702.3 |
       Dungeon |   2107 |   2076 |     31 |      0 |   1657 |   3 |  702.3 |
               +--------+--------+--------+--------+--------+-----+--------+

Top non-repeatable levels by time:
     D:2: 1026 daAuts
     D:1: 780 daAuts
     D:3: 300 daAuts
